 Dungeon Crawl Stone Soup version 0.29.0-7-g18a832c13a (webtiles) character file.

Game seed: 12006913633297668136

25088 Arum the Warrior (level 13, -16/116 HPs)
             Began as a Formicid Fighter on Aug 30, 2022.
             Was an Initiate of Gozag.
             Killed from afar by Jorgrun (38 damage)
             ... with an iron shot
             ... on level 12 of the Dungeon.
             The game lasted 00:25:21 (11641 turns).

Arum the Warrior (Formicid Fighter)                Turns: 11641, Time: 00:25:24

Health: -16/116    AC: 20    Str: 27    XL:     13   Next: 47%
Magic:  13/13      EV:  8    Int:  7    God:    Gozag
Gold:   3157       SH: 10    Dex: 13    Spells: 12/12 levels left

rFire   . . .      SeeInvis +   k - +9 lajatang (elec)
rCold   + . .      Faith    .   r - +3 warlock's mirror {reflect}
rNeg    . . .      Spirit   .   n - +2 plate armour {rPois}
rPois   +          Reflect  +   (helmet unavailable)
rElec   .          Harm     .   i - +0 cloak
rCorr   .          Rampage  .   (no gloves)
Will    +....                   t - +0 pair of boots
Stlth   ..........              w - amulet of regeneration
HPRegen 1.09/turn               y - +4 ring of evasion
MPRegen 0.13/turn               A - ring of protection from cold

@: mighty, grasped by roots, constricted
A: permanent stasis, dig shafts and tunnels, antennae 3, four strong arms
a: Dig, Shaft Self, Renounce Religion, Potion Petition, Call Merchant, Bribe
Branch


You were on level 12 of the Dungeon.
You worshipped Gozag.
Gozag was most pleased with you.
You visited 1 branch of the dungeon, and saw 12 of its levels.
You also visited: Ice Cave.

You collected 3761 gold pieces.
You spent 560 gold pieces at shops.
You paid 44 gold pieces to Gozag.

Inventory:

Hand Weapons
 a - a +0 quarterstaff
 k - a +9 lajatang of electrocution (weapon)
 D - a +3 quarterstaff of chaos
 N - a +1 quarterstaff of draining
Missiles
 l - 2 throwing nets
 F - 9 javelins
Armour
 i - a +0 cloak (worn)
 n - a +2 plate armour of poison resistance (worn)
 r - the +3 warlock's mirror (worn) {reflect}
   (You bought it in a shop on level 3 of the Dungeon)

   It can block and reflect piercing ranged attacks and magical attacks against
   the wielder's willpower.
 t - a +0 pair of boots (worn)
Jewellery
 e - a +6 ring of dexterity
 v - a ring of fire
 w - an amulet of regeneration (around neck)
 y - a +4 ring of evasion (left hand)
 A - a ring of protection from cold (right hand)
 E - a ring of flight
Wands
 u - a wand of charming (17)
 z - a wand of digging (6)
 C - a wand of flame (57)
 I - a wand of iceblast (3)
 K - a wand of mindburst (9)
 R - a wand of polymorph (5)
Scrolls
 c - 2 scrolls of fear
 j - 3 scrolls of poison
 q - a scroll of magic mapping
 x - 3 scrolls of noise
 G - a scroll of immolation
 H - 2 scrolls of fog
 J - a scroll of enchant weapon
 L - a scroll of amnesia
 O - a scroll of identify
 P - a scroll of vulnerability
 Q - a scroll of summoning
Potions
 b - 6 potions of mutation
 d - 2 potions of might
 f - 7 potions of attraction
 h - 4 potions of lignification
 m - 3 potions of curing
 o - 2 potions of magic
 s - 2 potions of cancellation
 B - 5 potions of flight
 M - 3 potions of ambrosia
Miscellaneous
 p - a piece from Xom's chessboard (15/15)


   Skills:
 * Level 15.4 Fighting
 + Level 10.2 Staves
 + Level 11.3 Armour
 + Level 13.3 Shields


You had 12 spell levels left.
You didn't know any spells.
Your spell library contained the following spells:

 Spells                   Type           Power      Damage    Failure   Level
 Magic Dart               Conj           0%         1d3       99%         1
 Sandblast                Erth           0%         2d4       99%         1
 Shock                    Conj/Air       0%         1d3       99%         1
 Passwall                 Tmut/Erth      0%         N/A       99%         2
 Searing Ray              Conj           0%         2d4       99%         2
 Sublimation of Blood     Necr           0%         N/A       99%         2
 Call Canine Familiar     Summ           0%         N/A       100%        3
 Conjure Flame            Conj/Fire      0%         6-21      100%        3
 Gell's Gravitas          Tloc           0%         N/A       100%        3
 Ignite Poison            Fire/Tmut/Pois 0%         N/A       100%        3
 Lesser Beckoning         Tloc           0%         N/A       100%        3
 Portal Projectile        Hex/Tloc       0%         N/A       100%        3
 Stone Arrow              Conj/Erth      0%         3d7       100%        3
 Teleport Other           Tloc           0%         N/A       100%        3
 Airstrike                Air            0%         2d(0-16)  100%        4
 Anguish                  Hex/Necr       0%         N/A       100%        4
 Fulminant Prism          Conj/Hex       0%         3d6       100%        4
 Leda's Liquefaction      Hex/Erth       0%         N/A       100%        4
 Petrify                  Tmut/Erth      0%         N/A       100%        4
 Sticky Flame             Conj/Fire      0%         2d3       100%        4
 Irradiate                Conj/Tmut      0%         3d11      100%        5
 Manifold Assault         Tloc           0%         N/A       100%        5
 Enfeeble                 Hex            0%         N/A       100%        7
 Borgnjor's Revivificati  Necr           0%         N/A       100%        8
 Necromutation            Tmut/Necr      0%         N/A       100%        8
 Death's Door             Necr           0%         N/A       100%        9
 Blink                    Tloc           Unusable   N/A       N/A         2
 Swiftness                Air            Unusable   N/A       N/A         3

Dungeon Overview and Level Annotations

Branches:
Dungeon (12/15)            Temple (0/1) D:7            Lair (0/5) D:9
    Orc (0/2) D:11          IceCv (visited)

Altars:
Cheibriados
Fedhas
Gozag
Kikubaaqudgha
Sif Muna
Trog
Uskayaw
Xom
Yredelemnul
The Shining One

Shops:
D:3 [   D:9 :   D:12 =

Annotations:
D:12 Jorgrun, Snorg


Innate Abilities, Weirdness & Mutations

You cannot be hasted, slowed, berserked, paralysed or teleported.
You can dig through walls and to a lower floor.
You have a pair of large antennae on your head. (SInv)
Your four strong arms can wield two-handed weapons with a shield.


Message History

* * * LOW HITPOINT WARNING * * *
Unknown command.
Unknown command.
You barely miss Snorg.
Snorg is almost dead.
Snorg barely misses you. You block Snorg's attack. Snorg claws you.
* * * LOW HITPOINT WARNING * * *
Jorgrun hits you with a +0 vorpal quarterstaff.
* * * LOW HITPOINT WARNING * * *
x2 The grasping roots constrict you.
* * * LOW HITPOINT WARNING * * *
You block Snorg's attack. Snorg closely misses you.
Snorg claws you but does no damage.
Unknown command.
You feel much better. Snorg bites you!
* * * LOW HITPOINT WARNING * * *
Snorg claws you.
* * * LOW HITPOINT WARNING * * *
Snorg claws you!
* * * LOW HITPOINT WARNING * * *
You block Jorgrun's attack. The grasping roots constrict you!
* * * LOW HITPOINT WARNING * * *
You feel much better. You block Snorg's attack.
Snorg claws you but does no damage. Snorg claws you!
* * * LOW HITPOINT WARNING * * *
You block Jorgrun's attack. The grasping roots constrict you!
* * * LOW HITPOINT WARNING * * *
Snorg barely misses you. Snorg claws you.
* * * LOW HITPOINT WARNING * * *
Snorg barely misses you.
Unknown command.
Unknown command.
Unknown command.
You feel much better. Snorg bites you but does no damage.
You block Snorg's attack. Snorg claws you!
* * * LOW HITPOINT WARNING * * *
Jorgrun gestures at you while chanting. The iron shot hits you!!!
You die...
Your body crumbles into a pile of gold.

#........ #.....
#........ #....
#####........ ###....
+...'........ #......
###.#........ #....<#
#.#........
#.....######>.........
#...Tg...............
#...@................
#............#...###.
#............#...# #.
#....$.......#...# #.
##+#+######### ### #.
#. #...# #....##.
###.#+#...# #....#
.....^.....## #....#
#............# #....#


You could see Jorgrun and Snorg (berserk).

Vanquished Creatures
  Erolcha (D:9)
  2 hydras (D:11)
  2 boulder beetles
  6 two-headed ogres
  A tengu warrior (D:10)
  The ghost of p0werm0de the Protected, a novice MiFi of Cheibriados (D:8)
  2 ugly things (IceCv)
  2 manticores (D:11)
  2 ice statues (IceCv)
  Joseph (D:9)
  3 unseen horrors
  A komodo dragon (D:11)
  A hornet (D:9)
  A polar bear (D:11)
  4 trolls
  2 slime creatures (D:12)
  Sigmund (D:4)
  2 centaur simulacra
  5 wyverns
  A wraith (D:11)
  2 shadows
  A basilisk (D:11)
  10 yaks
  8 steam dragons
  A vampire mosquito (D:10)
  3 acid dragons
  2 water moccasins (D:5)
  Duvessa (D:7)
  10 orc warriors
  4 ice beasts
  3 sky beasts
  An ogre (D:4)
  15 centaurs
  A phantom (D:3)
  2 kobold brigands
  9 bullfrogs
  2 necrophages (D:7)
  3 scorpions
  2 gnoll sergeants
  11 wights
  Dowan (D:7)
  14 killer bees
  An elephant simulacrum (IceCv)
  10 howler monkeys
  2 electric eels (D:11)
  A centaur zombie (D:5)
  5 hounds
  3 jellies
  7 orc priests
  A gnoll bouda (D:7)
  Crazy Yiuf (D:6)
  3 iguanas
  12 orc wizards
  2 polar bear simulacra (IceCv)
  18 gnolls
  3 adders
  14 white imps
  3 ufetubi (D:11)
  An adder zombie (D:5)
  4 worms
  4 dart slugs
  26 orcs
  7 ball pythons
  21 endoplasms
  4 giant cockroaches
  6 goblins
  6 hobgoblins
  11 jackals
  22 kobolds
  3 quokkas
  4 bats (D:1)
  5 frilled lizards
  5 rats
362 creatures vanquished.

Vanquished Creatures (collateral kills)
  A black bear (D:5)
  A necrophage (D:5)
  A scorpion (D:5)
  4 orcs (D:5)
7 creatures vanquished.

Vanquished Creatures (others)
  A slime creature (D:12)
  A jelly (D:6)
  An orc priest (D:6)
  A gnoll bouda (D:9)
  2 gnolls (D:9)
  5 fungi
  4 toadstools (D:4)
15 creatures vanquished.

Grand Total: 384 creatures vanquished

Notes
Turn   | Place    | Note
-------+----------+-------------------------------------------
     0 | D:1      | Arum the Formicid Fighter began the quest for the Orb.
     0 | D:1      | Reached XP level 1. HP: 18/18 MP: 1/1
   100 | D:1      | Reached XP level 2. HP: 18/24 MP: 2/2
   331 | D:1      | Reached XP level 3. HP: 27/30 MP: 3/3
   953 | D:2      | Reached skill level 4 in Fighting
  1087 | D:2      | Reached XP level 4. HP: 16/37 MP: 4/4
  1656 | D:2      | Found a faded altar of an unknown god.
  1711 | D:2      | Prayed at the altar of an unknown god.
  1711 | D:2      | Became a worshipper of Sif Muna the Loreminder
  1711 | D:2      | Reached * piety under Sif Muna
  1713 | D:2      | Fell from the grace of Sif Muna
  2025 | D:2      | You fall into a shaft and drop 1 floor!
  2063 | D:3      | Found an opulent altar of Gozag.
  2066 | D:3      | Became a worshipper of Gozag Ym Sagoz the Greedy
  2198 | D:3      | Found an ancient bone altar of Kikubaaqudgha.
  2456 | D:3      | Noticed a phantom
  2889 | D:3      | Killed a phantom
  2890 | D:3      | Reached XP level 5. HP: 41/43 MP: 5/5
  2928 | D:3      | Found Jaenus's Armour Boutique.
  3023 | D:3      | Identified the +2 robe of Kiyt {Drain Int+7}
  3214 | D:4      | Reached skill level 5 in Shields
  3214 | D:4      | Reached XP level 6. HP: 49/50 MP: 6/6
  3259 | D:4      | Found a glowing golden altar of the Shining One.
  3265 | D:4      | Noticed Sigmund
  3277 | D:4      | Killed Sigmund
  3278 | D:4      | Reached skill level 5 in Fighting
  3278 | D:4      | Reached XP level 7. HP: 50/56 MP: 7/7
  3808 | D:5      | Entered Level 5 of the Dungeon
  3863 | D:5      | Noticed a water moccasin
  3868 | D:5      | Reached skill level 6 in Fighting
  3898 | D:5      | Reached skill level 5 in Armour
  3912 | D:5      | Killed a water moccasin
  3927 | D:5      | Reached XP level 8. HP: 48/65 MP: 8/8
  4281 | D:5      | Reached skill level 7 in Fighting
  4288 | D:5      | Found a basalt altar of Yredelemnul.
  4417 | D:4      | Found a bloodstained altar of Trog.
  4695 | D:4      | Found a shimmering blue altar of Sif Muna.
  5063 | D:3      | Bought the +3 warlock's mirror {reflect} for 560 gold
                  | pieces
  5063 | D:3      | Found the +3 warlock's mirror {reflect}
  5444 | D:6      | Reached skill level 5 in Staves
  5705 | D:6      | Reached XP level 9. HP: 74/74 MP: 9/9
  5710 | D:6      | Reached skill level 8 in Fighting
  6143 | D:6      | Found a runed translucent door.
  6144 | D:6      | Noticed Crazy Yiuf
  6152 | D:6      | Killed Crazy Yiuf
  6402 | D:7      | Reached skill level 9 in Fighting
  6444 | D:7      | Identified a scroll of acquirement
  6444 | D:7      | Acquired a +4 lajatang of electrocution
  6639 | D:7      | Noticed Dowan
  6640 | D:7      | Noticed Duvessa
  6645 | D:7      | Killed Duvessa
  6646 | D:7      | Reached XP level 10. HP: 84/84 MP: 10/10
  6648 | D:7      | Killed Dowan
  6843 | D:7      | Reached skill level 10 in Fighting
  6851 | D:7      | Found a staircase to the Ecumenical Temple.
  7219 | D:8      | Found a large runed translucent door.
  7219 | D:8      | Found a large runed translucent door.
  7223 | D:8      | Noticed p0werm0de's ghost (novice MiFi)
  7391 | D:8      | Found a blossoming altar of Fedhas.
  7650 | D:8      | Killed p0werm0de's ghost
  7651 | D:8      | Reached skill level 11 in Fighting
  7695 | D:9      | Noticed Joseph
  7708 | D:9      | Killed Joseph
  7709 | D:9      | Reached XP level 11. HP: 81/93 MP: 11/11
  7823 | D:9      | Reached skill level 10 in Shields
  7886 | D:9      | Noticed a two-headed ogre
  7910 | D:9      | Killed a two-headed ogre
  7911 | D:9      | Reached skill level 12 in Fighting
  8042 | D:9      | Noticed Erolcha
  8050 | D:9      | Killed Erolcha
  8167 | D:9      | Noticed a two-headed ogre
  8176 | D:9      | Killed a two-headed ogre
  8178 | D:9      | Noticed a two-headed ogre
  8182 | D:9      | Killed a two-headed ogre
  8283 | D:9      | Reached skill level 13 in Fighting
  8283 | D:9      | Reached XP level 12. HP: 98/105 MP: 12/12
  8509 | D:9      | Found a staircase to the Lair.
  8525 | D:9      | Found a snail-covered altar of Cheibriados.
  8652 | D:9      | Found Jiplosku's Vocational Training.
  8959 | D:9      | Was forgiven by Sif Muna
  9025 | D:10     | Entered Level 10 of the Dungeon
  9378 | D:10     | Noticed a two-headed ogre
  9381 | D:10     | Noticed a tengu warrior
  9405 | D:10     | Reached skill level 10 in Armour
  9413 | D:10     | Killed a two-headed ogre
  9416 | D:10     | Killed a tengu warrior
  9525 | D:10     | Found a hide-covered altar of Uskayaw.
  9674 | D:10     | Reached skill level 14 in Fighting
  9734 | D:10     | Found a shimmering altar of Xom.
 10336 | D:11     | Found a staircase to the Orcish Mines.
 10355 | D:11     | Noticed a two-headed ogre
 10366 | D:11     | Killed a two-headed ogre
 10441 | D:11     | Noticed a seven-headed hydra
 10451 | D:11     | Killed a seven-headed hydra
 10529 | D:11     | Found a frozen archway.
 10588 | IceCv    | Entered an ice cave
 10601 | IceCv    | Reached XP level 13. HP: 110/113 MP: 13/13
 10618 | IceCv    | Found a transporter.
 10633 | IceCv    | Found a transporter.
 11167 | D:11     | Noticed a boulder beetle
 11167 | D:11     | Noticed a five-headed hydra
 11183 | D:11     | Killed a five-headed hydra
 11184 | D:11     | Reached skill level 15 in Fighting
 11184 | D:11     | Reached skill level 10 in Staves
 11231 | D:11     | Killed a boulder beetle
 11420 | D:12     | Noticed a boulder beetle
 11427 | D:12     | Killed a boulder beetle
 11572 | D:12     | Found Riorej's Jewellery Boutique.
 11619 | D:12     | Noticed Jorgrun
 11620 | D:12     | Noticed Snorg
 11638 | D:12     | HP: 5/116 [constriction (6)]
 11641 | D:12     | Killed from afar by Jorgrun

Illustrated notes

Levels and vault maps discovered:
D:1:      scummos_arrival_star, layout_loops_ring, amcnicky_mini_pool_small,
          kennysheep_nondescript, minmay_tromino_i4
D:2:      layout_basic, shapermc_ecumenical_altar_mp_urbaneastern, st_stairs_5
D:3:      layout_basic, mainiacjoe_overflow_swirl, serial_shops,
          nicolae_lakefront_shop, kennysheep_small_spiral
D:4:      cheibrodos_fertilizer, layout_basic, mainiacjoe_overflow_paths,
          mainiacjoe_overflow_small_starburst, tso_metal_star, uniq_sigmund
D:5:      layout_rooms, lemuel_zombie_altar_yredelemnul
D:6:      layout_loops_corners, serial_bayou_pond_c, uniq_crazy_yiuf_cottage
D:7:      layout_rooms, minmay_temple_entry_statues_fountains,
          hellmonk_bongcloud_opening, uniq_duvessa
D:8:      layout_gridville, fedhas_altar_1, ebering_ghost_disaster_area,
          hex_medium
D:9:      minmay_imperfect_grid, layout_basic, cheibriados_altar_1,
          lair_entry_dummy, nicolae_shop_vocational, uniq_erolcha, uniq_joseph
D:10:     layout_layer_cave, amcnicky_altar_gilded,
          nicolae_uskayaw_dance_studio, minmay_joined_circles
D:11:     lemuel_ice_spiral_2, layout_basic, david_orc_2, serial_ice,
          serial_ice_a, serial_ice_f, serial_ice_h, serial_ice_g, serial_ice_b,
          serial_ice_l, serial_ice_d, portal_ice_cave_entry_imps,
          grunt_potential
D:12:     layout_basic, serial_shops, shop, uniq_jorgrun, uniq_snorg,
          uniq_psyche

Skill      XL: |  1  2  3  4  5  6  7  8  9 10 11 12 13 |
---------------+----------------------------------------+-----
Fighting       | 4 5 6 7 9 11 13 14 15 | 15.4
Staves         | 3 4 5 6 7 8 9 10 | 10.2
Armour         | 4 5 6 7 8 9 10 11 | 11.3
Shields        | 5 6 7 8 9 11 12 13 | 13.3

Action                   |  1- 3 |  4- 6 |  7- 9 | 10-12 | 13-15 || total
-------------------------+-------+-------+-------+-------+-------++-------
Melee: Quarterstaff      |   108 |   121 |   353 |     5 |     9 ||   596
       Lajatang          |       |       |    35 |   393 |   102 ||   530
Invok: Renounce Religion |       |     1 |       |       |       ||     1
 Abil: Dig               |       |       |     5 |     3 |     2 ||    10
Evoke: Wand              |       |       |    10 |     3 |     2 ||    15
  Use: Potion            |       |     1 |       |       |     8 ||     9
       Scroll            |       |       |    18 |     9 |     3 ||    30
 Stab: Distracted        |     1 |       |     2 |     6 |       ||     9
       Confused          |       |       |       |     1 |       ||     1
Armor: Scale mail        |    67 |    40 |    82 |       |       ||   189
       Plate armour      |       |       |     2 |   149 |    46 ||   197
Dodge: Dodged            |    49 |    39 |   140 |   147 |    70 ||   445
Block: Buckler           |    29 |    35 |   149 |   174 |    63 ||   450
       Reflection        |       |       |     8 |    29 |     2 ||    39
